ESL (28 & UNDER)
BUFFALO LIGHTSABRES @ BUTLER WHITE SOX
09/06/2028
 
TOP OF THE 1ST
Buffalo LightSabres batting - Pitching for Butler White Sox : LHP Francisco Rodríguez
Pitching: LHP Francisco Rodríguez
Batting: LHB Matt Ruskin 0-0: Ball
1-0: Ball
2-0: Called Strike
2-1: Called Strike
2-2: Strikes out swinging
Batting: LHB Craig Kenney 0-0: Ball
1-0: Called Strike
1-1: Ground out 6-3 (Groundball, 6)
Batting: LHB Zack Payton 0-0: SINGLE (Groundball, 5D)
Batting: RHB Gabriel Ángel 0-0: Ball
1-0: Ball
2-0: Ball
3-0: Called Strike
3-1: Base on Balls
Zack Payton to second
Batting: RHB John Warren 0-0: Ball
1-0: SINGLE (Flyball, 7S)
Zack Payton to third
Gabriel Ángel to second
Batting: SHB Clifton Hampton 0-0: Ball
1-0: Ball
2-0: Fielders Choice at 2nd, 6-4 (Groundball, 6)
Top of the 1st over - 0 run(s), 2 hit(s), 0 error(s), 2 left on base; Buffalo 0 - Butler 0
BOTTOM OF THE 1ST
Butler White Sox batting - Pitching for Buffalo LightSabres : RHP Jorge Madrigal
Pitching: RHP Jorge Madrigal
Batting: LHB Kyle Robbins 0-0: Foul Ball, location: 2F
0-1: Ground out 6-3 (Groundball, 6S)
Batting: LHB Josh Pérez 0-0: Ground out 4-3 (Groundball, 4)
Batting: RHB Tom Lang 0-0: Ball
1-0: Ball
2-0: Called Strike
2-1: Ball
3-1: Fly out, F8 (Flyball, 8RD)
Bottom of the 1st over - 0 run(s), 0 hit(s), 0 error(s), 0 left on base; Buffalo 0 - Butler 0
TOP OF THE 2ND
Buffalo LightSabres batting - Pitching for Butler White Sox : LHP Francisco Rodríguez
Batting: RHB Huub Stolk 0-0: Called Strike
0-1: Foul Ball, location: 2F
0-2: Strikes out swinging
Batting: RHB Mike Wagner 0-0: Called Strike
0-1: Ball
1-1: Foul Ball, location: 2F
1-2: Fly out, F6 (Line Drive, 56)
Batting: RHB Peter Dixon 0-0: Ball
1-0: Ball
2-0: Ball
3-0: Called Strike
3-1: SINGLE (Line Drive, 7S)
Batting: LHB Matt Ruskin 0-0: Ball
1-0: SINGLE (Groundball, 4MS) (infield hit)
Peter Dixon to second
Batting: LHB Craig Kenney 0-0: SINGLE (Groundball, 6MD)
Peter Dixon to third
Matt Ruskin to second
Runner from 3rd tries for Home, SAFE, no throw
Batting: LHB Zack Payton 0-0: Ball
1-0: Foul Ball, location: 2F
1-1: Called Strike
1-2: Ball
2-2: Foul Ball, location: 2F
2-2: Fly out, F8 (Flyball, 8LD)
Top of the 2nd over - 1 run(s), 3 hit(s), 0 error(s), 2 left on base; Buffalo 1 - Butler 0
BOTTOM OF THE 2ND
Butler White Sox batting - Pitching for Buffalo LightSabres : RHP Jorge Madrigal
Batting: LHB Denny Allen 0-0: Ball
1-0: Ball
2-0: Called Strike
2-1: Foul Ball, location: 2F
2-2: Foul Ball, location: 2F
2-2: Foul Ball, location: 2F
2-2: Foul Ball, location: 2F
2-2: Fly out, F9 (Flyball, 9LM)
Batting: RHB Bobby Murdock 0-0: Foul Ball, location: 2F
0-1: Swinging Strike
0-2: Ball
1-2: Foul Ball, location: 2F
1-2: Ball
2-2: Ball
3-2: Base on Balls
Batting: LHB Thomas Dixon 0-0: Ball
1-0: Called Strike
1-1: SINGLE (Groundball, 4MD)
Bobby Murdock to second
Batting: RHB Jerry Moore 0-0: Ball
1-0: Ball
2-0: Ball
3-0: Base on Balls
Bobby Murdock to third
Thomas Dixon to second
Batting: SHB Tomás Escobar 0-0: Foul Ball, location: 2F
0-1: Swinging Strike
0-2: Foul Ball, location: 2F
0-2: Ball
1-2: Foul Ball, location: 2F
1-2: Ball
2-2: Strikes out swinging
Batting: RHB Steve Clifton 0-0: Ball
1-0: Foul Ball, location: 2F
1-1: Swinging Strike
1-2: Fielders Choice at 2nd, 4-6 (Groundball, 4)
Bottom of the 2nd over - 0 run(s), 1 hit(s), 0 error(s), 2 left on base; Buffalo 1 - Butler 0
TOP OF THE 3RD
Buffalo LightSabres batting - Pitching for Butler White Sox : LHP Francisco Rodríguez
Batting: RHB Gabriel Ángel 0-0: Swinging Strike
0-1: Ball
1-1: Foul Ball, location: 2F
1-2: Strikes out swinging
Batting: RHB John Warren 0-0: Ball
1-0: Ball
2-0: Swinging Strike
2-1: Swinging Strike
2-2: Foul Ball, location: 2F
2-2: Strikes out looking
Batting: SHB Clifton Hampton 0-0: Ball
1-0: Ball
2-0: Called Strike
2-1: Ball
3-1: Swinging Strike
3-2: Strikes out looking
Top of the 3rd over - 0 run(s), 0 hit(s), 0 error(s), 0 left on base; Buffalo 1 - Butler 0
BOTTOM OF THE 3RD
Butler White Sox batting - Pitching for Buffalo LightSabres : RHP Jorge Madrigal
Batting: LHB Kyle Robbins 0-0: Ball
1-0: Ground out 3-1 (Groundball, 34)
Batting: LHB Josh Pérez 0-0: Ball
1-0: Ball
2-0: Swinging Strike
2-1: Ball
3-1: Base on Balls
Batting: RHB Tom Lang 0-0: Called Strike
Josh Pérez steals 2nd base
0-1: Ball
1-1: Ball
2-1: SINGLE (Line Drive, 8RS)
Josh Pérez to third
Runner from 3rd tries for Home, SAFE, no throw
Batting: LHB Denny Allen 0-0: DOUBLE (Groundball, 3L)
Tom Lang to third
Batting: RHB Bobby Murdock 0-0: Ball
1-0: Ball
2-0: Ball
3-0: Base on Balls
Batting: LHB Thomas Dixon 0-0: Ball
1-0: Ball
2-0: Fielders Choice at 2nd, 3-6 (Groundball, 34)
Tom Lang scores
Denny Allen to third
Batting: RHB Jerry Moore 0-0: Called Strike
0-1: SINGLE (Groundball, 34D)
Denny Allen scores
Thomas Dixon to second
Runner from 2nd tries for 3rd, SAFE, no throw
Batting: SHB Tomás Escobar 0-0: Called Strike
0-1: Foul Ball, location: 2F
0-2: Ball
1-2: Ball
2-2: Foul Ball, location: 2F
2-2: SINGLE (Groundball, 4D)
Thomas Dixon scores
Jerry Moore to second
Runner from 2nd tries for 3rd, SAFE, no throw
Batting: RHB Steve Clifton 0-0: Foul Ball, location: 2F
0-1: Fly out, F4 (Popup, 34D)
Bottom of the 3rd over - 4 run(s), 4 hit(s), 0 error(s), 2 left on base; Buffalo 1 - Butler 4
TOP OF THE 4TH
Buffalo LightSabres batting - Pitching for Butler White Sox : LHP Francisco Rodríguez
Batting: RHB Huub Stolk 0-0: SINGLE (Groundball, 56D)
Batting: RHB Mike Wagner 0-0: Fly out, F7 (Flyball, 7)
Batting: RHB Peter Dixon 0-0: Swinging Strike
0-1: Grounds into double play, 6-4-3 (Groundball, 6)
Top of the 4th over - 0 run(s), 1 hit(s), 0 error(s), 0 left on base; Buffalo 1 - Butler 4
BOTTOM OF THE 4TH
Butler White Sox batting - Pitching for Buffalo LightSabres : RHP Jorge Madrigal
Batting: LHB Kyle Robbins 0-0: Called Strike
0-1: Swinging Strike
0-2: Ball
1-2: Strikes out swinging
Batting: LHB Josh Pérez 0-0: Fly out, F7 (Flyball, 7S)
Batting: RHB Tom Lang 0-0: Ground out 1-3 (Groundball, P)
Bottom of the 4th over - 0 run(s), 0 hit(s), 0 error(s), 0 left on base; Buffalo 1 - Butler 4
TOP OF THE 5TH
Buffalo LightSabres batting - Pitching for Butler White Sox : LHP Francisco Rodríguez
Batting: LHB Matt Ruskin 0-0: Called Strike
0-1: SINGLE (Flyball, 8RS)
Batting: LHB Craig Kenney 0-0: Ball
1-0: Swinging Strike
1-1: Ball
2-1: Foul Ball, location: 2F
2-2: Grounds into double play, 6-4-3 (Groundball, 6)
Batting: LHB Zack Payton 0-0: Foul Ball, location: 2F
0-1: Called Strike
0-2: Ball
1-2: Strikes out swinging
Top of the 5th over - 0 run(s), 1 hit(s), 0 error(s), 0 left on base; Buffalo 1 - Butler 4
BOTTOM OF THE 5TH
Butler White Sox batting - Pitching for Buffalo LightSabres : RHP Jorge Madrigal
Batting: LHB Denny Allen 0-0: SINGLE (Line Drive, 7S)
Batting: RHB Bobby Murdock 0-0: Foul Ball, location: 2F
0-1: Ball
1-1: Ball
2-1: Ball
3-1: Foul Ball, location: 2F
3-2: Fly out, F9 (Flyball, 9LS)
Batting: LHB Thomas Dixon 0-0: Ball
1-0: Single, Error in OF, E9, batter to second base
Denny Allen to third
Batting: RHB Jerry Moore 0-0: Ball
1-0: Ball
2-0: Foul Ball, location: 2F
2-1: Foul Ball, location: 2F
2-2: Ball
3-2: Base on Balls
Batting: SHB Tomás Escobar 0-0: Foul Ball, location: 2F
0-1: Swinging Strike
0-2: Ball
1-2: Ball
2-2: Strikes out swinging
Pitching: LHP Bobby MacGruder
Batting: RHB Steve Clifton 0-0: Ball
1-0: Ball
2-0: Ball
3-0: Fielders Choice at 2nd, 6-4 (Groundball, 6)
Bottom of the 5th over - 0 run(s), 2 hit(s), 1 error(s), 2 left on base; Buffalo 1 - Butler 4
TOP OF THE 6TH
Buffalo LightSabres batting - Pitching for Butler White Sox : LHP Francisco Rodríguez
Batting: RHB Gabriel Ángel 0-0: Called Strike
0-1: Foul Ball, location: 2F
0-2: Ball
1-2: Fly out, F4 (Popup, 34)
Batting: RHB John Warren 0-0: Ball
1-0: Foul Ball, location: 2F
1-1: Foul Ball, location: 2F
1-2: Ball
2-2: Strikes out swinging
Batting: SHB Clifton Hampton 0-0: Called Strike
0-1: Foul Ball, location: 2F
0-2: Ground out 4-3 (Groundball, 4)
Top of the 6th over - 0 run(s), 0 hit(s), 0 error(s), 0 left on base; Buffalo 1 - Butler 4
BOTTOM OF THE 6TH
Butler White Sox batting - Pitching for Buffalo LightSabres : LHP Bobby MacGruder
Batting: LHB Kyle Robbins 0-0: Fly out, F8 (Flyball, 89XD)
Batting: LHB Josh Pérez 0-0: Swinging Strike
0-1: Swinging Strike
0-2: SINGLE (Flyball, 7S)
Batting: RHB Tom Lang 0-0: Ball
1-0: Called Strike
1-1: Ball
2-1: Ball
3-1: Called Strike
3-2: Strikes out swinging
Batting: LHB Denny Allen 0-0: Called Strike
0-1: Foul Ball, location: 2F
0-2: Fly out, F8 (Flyball, 8RD)
Bottom of the 6th over - 0 run(s), 1 hit(s), 0 error(s), 1 left on base; Buffalo 1 - Butler 4
TOP OF THE 7TH
Buffalo LightSabres batting - Pitching for Butler White Sox : LHP Francisco Rodríguez
Batting: RHB Huub Stolk 0-0: Foul Ball, location: 2F
0-1: Swinging Strike
0-2: Strikes out swinging
Batting: RHB Mike Wagner 0-0: Ball
1-0: SINGLE (Flyball, 9LS)
Batting: RHB Peter Dixon 0-0: Ball
1-0: SINGLE (Groundball, 6MD)
Mike Wagner to second
Batting: LHB Matt Ruskin 0-0: Ball
Mike Wagner steals 3rd base
Peter Dixon to second
1-0: Swinging Strike
1-1: Called Strike
1-2: Strikes out looking
Batting: LHB Craig Kenney 0-0: Ball
1-0: Ball
2-0: Called Strike
2-1: Ball
3-1: Foul Ball, location: 2F
3-2: Base on Balls
Pitching: RHP Jorge Barrón
Batting: LHB Zack Payton 0-0: Ball
1-0: Foul Ball, location: 2F
1-1: Foul Ball, location: 2F
1-2: Ball
2-2: Ball
3-2: Fly out, F7 (Flyball, 7S)
Top of the 7th over - 0 run(s), 2 hit(s), 0 error(s), 3 left on base; Buffalo 1 - Butler 4
BOTTOM OF THE 7TH
Butler White Sox batting - Pitching for Buffalo LightSabres : LHP Bobby MacGruder
Batting: RHB Bobby Murdock 0-0: Called Strike
0-1: Foul Ball, location: 2F
0-2: Ball
1-2: Ball
2-2: Fly out, F9 (Flyball, 9S)
Batting: LHB Thomas Dixon 0-0: Foul Ball, location: 2F
0-1: Swinging Strike
0-2: Strikes out looking
Batting: RHB Jerry Moore 0-0: Swinging Strike
0-1: Fly out, F8 (Flyball, 8LXD)
Bottom of the 7th over - 0 run(s), 0 hit(s), 0 error(s), 0 left on base; Buffalo 1 - Butler 4
TOP OF THE 8TH
Buffalo LightSabres batting - Pitching for Butler White Sox : RHP Jorge Barrón
Batting: RHB Gabriel Ángel 0-0: Foul Ball, location: 2F
0-1: SINGLE (Line Drive, 4MD)
Pitching: RHP Mauro Vásquez
Batting: RHB John Warren 0-0: Ball
1-0: Ball
2-0: Ball
3-0: Called Strike
3-1: Base on Balls
Gabriel Ángel to second
Batting: SHB Clifton Hampton 0-0: Called Strike
0-1: Ball
1-1: Ball
2-1: Swinging Strike
2-2: Ball
3-2: Strikes out swinging
Batting: RHB Huub Stolk 0-0: SINGLE (Line Drive, 6MD)
Gabriel Ángel to third
John Warren to second
Pinch Hitting: LHB Garrett King 0-0: Ball
1-0: Called Strike
1-1: Ball
2-1: Fly out, F8 (Flyball, 8LM)
Runner from 3rd tags up, SCORES, throw made
Pinch Hitting: SHB Barrett Bowden 0-0: Foul Ball, location: 2F
0-1: Fly out, F9 (Flyball, 89D)
Top of the 8th over - 1 run(s), 2 hit(s), 0 error(s), 2 left on base; Buffalo 2 - Butler 4
BOTTOM OF THE 8TH
Butler White Sox batting - Pitching for Buffalo LightSabres : LHP Bobby MacGruder
Now at 3B: Pedro Romero
Now in CF: Leslie Adams
Batting: SHB Tomás Escobar 0-0: Foul Ball, location: 2F
0-1: Ground out 1-3 (Groundball, 15S)
Batting: RHB Steve Clifton 0-0: SINGLE (Groundball, 6) (infield hit)
Batting: LHB Kyle Robbins 0-0: Ball
Wild Pitch!
Steve Clifton to second
1-0: Called Strike
1-1: Called Strike
1-2: Ball
2-2: Strikes out swinging
Batting: LHB Josh Pérez 0-0: Ball
1-0: Ball
2-0: Called Strike
2-1: 2-RUN HOME RUN (Flyball, 9D), Distance : 357 ft
Batting: RHB Tom Lang 0-0: Called Strike
0-1: SINGLE (Flyball, 89S)
Pitching: RHP Travis Whitney
Batting: LHB Denny Allen 0-0: Swinging Strike
0-1: Swinging Strike
0-2: Strikes out swinging
Bottom of the 8th over - 2 run(s), 3 hit(s), 0 error(s), 1 left on base; Buffalo 2 - Butler 6
TOP OF THE 9TH
Buffalo LightSabres batting - Pitching for Butler White Sox : RHP Mauro Vásquez
Batting: LHB Matt Ruskin 0-0: Called Strike
0-1: SINGLE (Groundball, 4MD)
Batting: LHB Craig Kenney 0-0: Ball
1-0: Ball
2-0: Called Strike
2-1: Ground out 4-3 (Groundball, 4S)
Matt Ruskin to second
Batting: LHB Zack Payton 0-0: Called Strike
0-1: Ball
1-1: SINGLE (Line Drive, 7LM)
Matt Ruskin to third
Runner from 3rd tries for Home, SAFE, throw made home
Zack Payton to second
Pitching: RHP Eric Wilson
Batting: RHB Gabriel Ángel 0-0: Foul Ball, location: 2F
0-1: Called Strike
0-2: Ball
1-2: Foul Ball, location: 2F
1-2: Foul Ball, location: 2F
1-2: Foul Ball, location: 2F
1-2: Ball
2-2: Ball
3-2: Foul Ball, location: 2F
3-2: Ground out 6-3 (Groundball, 6)
Batting: RHB John Warren 0-0: Foul Ball, location: 2F
0-1: Ball
1-1: Called Strike
1-2: Foul Ball, location: 2F
1-2: Strikes out looking
Top of the 9th over - 1 run(s), 2 hit(s), 0 error(s), 1 left on base; Buffalo 3 - Butler 6
Tuesday, August 8th, 2017 - OOTP Baseball 17.12 Build 75